 Dungeon Crawl Stone Soup version 0.29-a0-824-gd827844252 (webtiles) character file.

Game seed: 12647822527320871083

135 gobodom the Conjurer (level 4, -11/33 HPs)
             Began as a Demigod Conjurer on July 10, 2022.
             Blown up by Ijyb (18 damage)
             ... with a mindburst bolt
             ... on level 3 of the Dungeon.
             The game lasted 00:04:47 (2303 turns).

gobodom the Conjurer (Demigod Conjurer)             Turns: 2303, Time: 00:04:49

Health: -11/33     AC:  2    Str:  8    XL:     4   Next: 66%
Magic:  2/10       EV: 12    Int: 24    God:
Gold:   75         SH:  0    Dex: 12    Spells: 4/7 levels left

rFire   . . .      SeeInvis .   (no weapon)
rCold   + . .      Faith    .   (no shield)
rNeg    . . .      Spirit   .   a - +0 robe
rPois   .          Reflect  .   (no helmet)
rElec   .          Harm     .   (no cloak)
rCorr   .          Rampage  .   (no gloves)
Will    .....                   (no boots)
Stlth   ++........              (no amulet)
HPRegen 0.11/turn               j - ring of protection from cold
MPRegen 0.12/turn               q - ring of wizardry

@: no status effects
A: high MP 1, forlorn, divine attributes
a: no special abilities


You were on level 3 of the Dungeon.
You visited 1 branch of the dungeon, and saw 3 of its levels.

You collected 75 gold pieces.

Inventory:

Missiles
 v - a throwing net
Armour
 a - a +0 robe (worn)
Jewellery
 j - a ring of protection from cold (left hand)
 q - a ring of wizardry (right hand)
Wands
 u - a wand of iceblast (3)
Scrolls
 c - a scroll of blinking {unknown}
 g - 3 scrolls of teleportation {unknown}
 h - 3 scrolls of enchant armour {unknown}
 k - a scroll of vulnerability {unknown}
 n - a scroll of noise {unknown}
 o - a scroll of immolation {unknown}
 p - a scroll of magic mapping {unknown}
 s - a scroll of fear {unknown}
 t - 3 scrolls of identify {unknown}
Potions
 b - a potion of magic
 d - a potion of lignification {unknown}
 e - a potion of flight {unknown}
 f - a potion of might {unknown}
 i - 2 potions of degeneration {unknown}
 l - 2 potions of brilliance {unknown}
 m - a potion of cancellation {unknown}
 r - a potion of heal wounds {unknown}
 w - a potion of mutation {unknown}


   Skills:
 + Level 2.1 Dodging
 + Level 2.1 Stealth
 + Level 2.3 Spellcasting
 + Level 5.1 Conjurations


You had 4 spell levels left.
You knew the following spells:

 Your Spells              Type           Power      Damage    Failure   Level
a - Magic Dart            Conj           100%       1d8       1%          1
b - Searing Ray           Conj           54%        2d6       1%          2

Your spell library contained the following spells:

 Spells                   Type           Power      Damage    Failure   Level
 Dazzling Flash           Conj/Hex       30%        N/A       4%          3
 Fulminant Prism          Conj/Hex       7%         3d7       16%         4
 Iskenderun's Mystic Bla  Conj/Tloc      15%        2d5       16%         4
 Lee's Rapid Deconstruct  Erth           1%         3d5*      75%         5


Dungeon Overview and Level Annotations

Branches:
Dungeon (3/15)

Annotations:
D:3 Ijyb


Innate Abilities, Weirdness & Mutations

You have an increased reservoir of magic. (+10% MP)
You shall have no god before yourself.
Your divine heritage dramatically boosts your attributes as you level up.


Message History

Found a robe.
g - 3 scrolls labelled SUOMOQ JEHO (gained 1)
An endoplasm comes into view.
The magic dart hits the endoplasm.
The endoplasm is heavily wounded.
The magic dart hits the endoplasm.
The endoplasm is heavily wounded.
The magic dart hits the endoplasm.
You kill the endoplasm!
You can't see any susceptible monsters within range! (Use Z to cast anyway.)
i - 2 murky inky potions (gained 1) Ijyb the Twisted Goblin comes into view.
She is wielding a +0 dagger and carrying a wand of mindburst (10).
The magic dart hits Ijyb!
Ijyb is moderately wounded.
Ijyb shouts!
Ijyb zaps a wand.
Your mind is blasted!
The magic dart hits Ijyb but does no damage.
Ijyb is moderately wounded.
The magic dart hits Ijyb.
Ijyb is moderately wounded.
The magic dart hits Ijyb but does no damage.
Ijyb is moderately wounded.
The magic dart hits Ijyb but does no damage.
Ijyb is moderately wounded.
Casting: Magic Dart (safe; 1% risk of failure)
Confirm with . or Enter, or press ? or * to list all spells.
Aiming: Searing Ray (safe; 1% risk of failure)
Press: ? - help, Shift-Dir - straight line, f/p - Ijyb
Aim: Ijyb, wielding a +0 dagger, wearing a +0 chain mail and carrying a wand of mindburst (9) (moderately wounded, 79% to hit)
The searing ray hits Ijyb.
Ijyb is heavily wounded. (Press . to maintain the ray.) Ijyb zaps a wand.
Your mind is blasted!
Ouch! That really hurt!
* * * LOW HITPOINT WARNING * * *
The searing ray hits Ijyb but does no damage.
Ijyb is heavily wounded.
Ijyb zaps a wand.
Your mind is blasted!
Ouch! That really hurt!
You die...

..#### #.......#
### #..####.####
#..###......
#.......###
#..#........#
#.###.##.##.# ..#
##...##.# .##
#.#####.###.### .
#. #@.......
#.#........##.##.
# #.....##.g.
#..... ..#..
#.... ..# .#
#.... ... .. #...
#./# # #### ...


You could see Ijyb.

Vanquished Creatures
  A jelly (D:3)
  An iguana (D:3)
  An adder (D:2)
  3 gnolls (D:2)
  2 dart slugs
  A ball python (D:2)
  2 bats
  8 endoplasms
  3 goblins
  3 jackals (D:1)
  3 kobolds
  3 quokkas
  2 frilled lizards (D:1)
  5 rats
38 creatures vanquished.

Vanquished Creatures (others)
  A plant (D:2)
1 creature vanquished.

Grand Total: 39 creatures vanquished

Notes
Turn   | Place    | Note
-------+----------+-------------------------------------------
     0 | D:1      | gobodom the Demigod Conjurer began the quest for the Orb.
     0 | D:1      | Reached XP level 1. HP: 14/14 MP: 5/5
   311 | D:1      | Reached skill level 4 in Conjurations
   340 | D:1      | Reached XP level 2. HP: 20/20 MP: 4/7
  1324 | D:2      | Reached XP level 3. HP: 26/26 MP: 5/8
  1474 | D:2      | Learned a level 2 spell: Searing Ray
  1956 | D:3      | Reached skill level 5 in Conjurations
  1956 | D:3      | Reached XP level 4. HP: 33/33 MP: 5/10
  2296 | D:3      | Noticed Ijyb
  2303 | D:3      | Blown up by Ijyb

Illustrated notes

Levels and vault maps discovered:
D:1:      lightli_arrival_flooded_house, layout_loops_corners,
          hellmonk_ecumenical_altar_dog_temple
D:2:      layout_rooms, serial_forest, infiniplex_forest_straight_3,
          infiniplex_forest_diagonal, infiniplex_forest_straight_4,
          infiniplex_forest_lined_corner, infiniplex_forest_clump_cross,
          infiniplex_forest_straight_5, infiniplex_forest_straight_2,
          patterned_corridor
D:3:      minmay_spotlight, layout_loops_cross, uniq_grinder, uniq_ijyb

Skill      XL: |  1  2  3 |
---------------+----------+-----
Conjurations   | 4 5 |  5.1
Stealth        | 2 |  2.1
Spellcasting   | 2 |  2.3
Dodging        | 2 |  2.1

Action                   |  1- 3 |  4- 6 || total
-------------------------+-------+-------++-------
Melee: Unarmed           |     6 |       ||     6
 Cast: Magic Dart        |    66 |    16 ||    82
       Searing Ray       |     2 |     1 ||     3
  Use: Potion            |     1 |       ||     1
Armor: Robe              |     2 |       ||     2
Dodge: Dodged            |    20 |       ||    20

Table legend: (Time is in decaauts)
 A = Elapsed time spent in this place.
 B = Non-inter-level travel time spent in this place.
 C = Inter-level travel time spent in this place.
 D = Time resting spent in this place.
 E = Time spent auto-exploring this place.
 F = Levels seen in this place.
 G = Mean time per level.
                   A        B        C        D        E       F      G
               +--------+--------+--------+--------+--------+-----+--------+
         Total |   2301 |   2278 |     23 |      0 |   1993 |   3 |  767.0 |
       Dungeon |   2301 |   2278 |     23 |      0 |   1993 |   3 |  767.0 |
               +--------+--------+--------+--------+--------+-----+--------+

Top non-repeatable levels by time:
     D:1: 1128 daAuts
     D:2: 730 daAuts
     D:3: 442 daAuts
